 Dungeon Crawl Stone Soup version 0.18-a0-1468-gaf180a1 (console) character file.

29 Liam the Magician (level 3, 21/21 HPs)
             Began as a High Elf Wizard on Mar 1, 2016.
             Quit the game on level 2 of the Dungeon.
             The game lasted 00:01:54 (1200 turns).

Liam the Magician (High Elf Wizard)                 Turns: 1200, Time: 00:01:54

Health: 21/21      AC:  2    Str: 10    XL:     3   Next: 1%
Magic:  1/9        EV: 12    Int: 22    God:
Gold:   38         SH:  0    Dex: 14    Spells: 1 memorised, 9 levels left

rFire  . . .     SeeInvis .     (no weapon)
rCold  . . .     Gourm    .     a - +0 robe
rNeg   . . .     Faith    .     (no shield)
rPois  .         Spirit   .     b - +0 hat
rElec  .         Dismiss  .     (no cloak)
rCorr  .         Reflect  .     (no gloves)
SustAt .         Harm     .     (no boots)
MR     .....     Rnd*Tele +     (no amulet)
Stlth  ++........               o - +4 ring of strength
                                n - ring of teleportation (curse)

@: not resistant to hostile enchantments, unstealthy
A: no striking features
a: no special abilities


You were on level 2 of the Dungeon.
You were hungry.

You visited 1 branch of the dungeon, and saw 2 of its levels.

You collected 38 gold pieces.

Inventory:

Armour
 a - a +0 robe (worn)
 b - a +0 hat (worn)
Jewellery
 n - a cursed ring of teleportation (left hand)
 o - a +4 ring of strength (right hand)
Scrolls
 e - a scroll of identify {unknown}
 f - a scroll of fear {unknown}
 g - a scroll of enchant weapon {unknown}
 k - a scroll of amnesia {unknown}
 l - a scroll of fog {unknown}
 m - a scroll of teleportation {unknown}
 p - a scroll of remove curse {unknown}
Potions
 h - a potion of haste {unknown}
 i - a potion of might {unknown}
 q - a potion of lignification {unknown}
Books
 c - a book of Minor Magic

   Spells                             Type                      Level
   a - Magic Dart                     Conjuration                  1
   b - Blink                          Translocation                2
   c - Call Imp                       Summoning                    2
   d - Repel Missiles                 Charms/Air                   2
   e - Slow                           Hexes                        2
   f - Conjure Flame                  Conjuration/Fire             3
   g - Mephitic Cloud                 Conjuration/Poison/Air       3
Comestibles
 d - a bread ration
 j - a royal jelly


   Skills:
 - Level 2.1 Dodging
 - Level 2.1 Stealth
 + Level 4.3 Spellcasting
 + Level 2.3 Conjurations
   Level 0.8 Summonings
   Level 1.1 Translocations


You had 9 spell levels left.
You knew the following spells:

 Your Spells              Type           Power        Failure   Level  Hunger
a - Magic Dart            Conj           ###.         6%          1    None


Dungeon Overview and Level Annotations

Branches:
Dungeon (2/15)

Altars:


Message History

Aiming: Magic Dart
Press: ? - help, Shift-Dir - straight line, f/p - dart slug
Aim: a dart slug (severely wounded)
The magic dart hits the dart slug.
The dart slug is almost dead.
Casting: Magic Dart
Confirm with . or Enter, or press ? or * to list all spells.
Aiming: Magic Dart
Press: ? - help, Shift-Dir - straight line, f/p - dart slug
Aim: a dart slug (almost dead)
The magic dart hits the dart slug.
You kill the dart slug!
You have reached level 3!
Your experience leads to an increase in your attributes!
Your base attributes are Str 6, Int 21, Dex 13.
Increase (S)trength, (I)ntelligence, or (D)exterity?
You feel clever.
You feel agile.
Quiver which item? (- for none, * to show all) (? for menu, Esc to quit)
Okay, then.
Are you sure you want to abandon this character and quit the game? (Confirm with "yes".)

####.###..#....
#...............
####.#.#.#.#####.#
#.#.#.#.# #
#.#.#.#..
#########.#(#.##.#
..........#.#.# .#
..........#.#.#
...K)†.@..#.#.#
......)...#
..........#
(.........#
.......†..#
...!......#
......####. ......
..


You could see a kobold.

Vanquished Creatures
  A dart slug (D:2)
  2 giant cockroaches (D:1)
  7 goblins
  2 hobgoblins (D:1)
  2 bats (D:1)
  A giant newt (D:2)
  5 kobolds (D:1)
  5 rats
25 creatures vanquished.

Notes
Turn   | Place    | Note
--------------------------------------------------------------
     0 | D:1      | Liam the High Elf Wizard began the quest for the Orb.
     0 | D:1      | Reached XP level 1. HP: 11/11 MP: 6/6
     2 | D:1      | Noticed an electric eel
   305 | D:1      | Reached XP level 2. HP: 17/17 MP: 2/7
   422 | D:1      | Reached skill level 4 in Spellcasting
  1199 | D:2      | Reached XP level 3. HP: 21/21 MP: 1/9
  1200 | D:2      | Quit the game

Vault maps used:
D:1:      arrival_aquarium_a
D:2:      gammafunk_temple_overflow_elements, fedhas_altar_fruit_tree

Skill      XL: |  1  2 |
---------------+-------+-----
Spellcasting   | 4 |  4.3
Conjurations   | 2 |  2.3
Dodging        | |  2.1
Stealth        | |  2.1
Summonings     | |  0.8
Translocations | |  1.1

Action                   || total
-------------------------++-------
 Cast: Magic Dart        ||    56
